 Dungeon Crawl Stone Soup version 0.29-a0-334-gb41bcbb86e (webtiles) character file.

Game seed: 4173536471556353879

118 spaghetti the Skirmisher (level 4, -2/38 HPs)
             Began as a Demonspawn Fighter on Apr 14, 2022.
             Killed from afar by an orc wizard (7 damage)
             ... with a magic dart
             ... on level 3 of the Dungeon.
             The game lasted 00:03:32 (2539 turns).

spaghetti the Skirmisher (Demonspawn Fighter)       Turns: 2539, Time: 00:03:33

Health: -2/38      AC:  6    Str: 18    XL:     4   Next: 72%
Magic:  4/4        EV:  9    Int: 10    God:
Gold:   65         SH:  0    Dex: 14    Spells: 3/3 levels left

rFire   . . .      SeeInvis .   j - +0 dagger (elec) {short}
rCold   . . .      Faith    .   c - +0 buckler
rNeg    . . .      Spirit   .   b - +0 scale mail
rPois   .          Reflect  .   (helmet restricted)
rElec   .          Harm     .   (no cloak)
rCorr   .          Rampage  .   (no gloves)
Will    .....                   (no boots)
Stlth   ..........              (no amulet)
HPRegen 0.12/turn               (no ring)
MPRegen 0.09/turn               (no ring)

@: confused, mighty, attractive, hasted, very quick
A: antennae 1, thin skeletal structure 1, foul stench 1
a: no special abilities


You were on level 3 of the Dungeon.
You visited 1 branch of the dungeon, and saw 3 of its levels.

You collected 65 gold pieces.


Innate Abilities, Weirdness & Mutations

You have a pair of small antennae on your head.
You have a somewhat thin skeletal structure. (Dex +2, Stealth+)
You may rarely emit foul miasma when damaged in melee.


   Skills:
 + Level 4.8 Fighting
 - Level 1.7 Maces & Flails
 + Level 3.6 Armour
 - Level 2.6 Shields


You had 3 spell levels left.
You didn't know any spells.
Your spell library contained the following spells:

 Spells                   Type           Power      Damage    Failure   Level
 Animate Skeleton         Necr           0%         N/A       83%         1
 Pain                     Necr           0%         1d4       83%         1
 Sublimation of Blood     Necr           0%         N/A       93%         2

Inventory:

Hand Weapons
 a - a +0 flail {mace}
 j - a +0 dagger of electrocution (weapon) {short}
   (You took it off a kobold on level 1 of the Dungeon)
Missiles
 l - 40 stones (quivered) {throwing}
Armour
 b - a +0 scale mail (worn)
 c - a +0 buckler (worn)
Wands
 s - a wand of iceblast (10)
   (You found it on level 3 of the Dungeon)
Scrolls
 e - a scroll of fear {unknown}
 g - 5 scrolls of identify {unknown}
 h - 2 scrolls of teleportation {unknown}
 k - a scroll of amnesia {unknown}
 o - a scroll of noise {unknown}
 p - a scroll of silence {unknown}
 q - a scroll of blinking {unknown}
 r - a scroll of vulnerability {unknown}
 t - a scroll of fog {unknown}
Potions
 d - a potion of might
 f - a potion of attraction {!q}
 i - a potion of haste {@q3}
 m - 3 potions of curing {unknown}
 n - 3 potions of degeneration {unknown}

Dungeon Overview and Level Annotations

Branches:
Dungeon (3/15)

Altars:

.# ##.###.## #.# .#
#....## #.# .#
#.#### #.# .# #.#
#######.# ........#
######..# #..#
############# #..#
#..))@ooo....
#..####.###########
#>.....># ##.######
#.# #.# #.# ..# ###


You could see an orc wizard and 2 orcs.


Message History

😮 HP[-3]
You take 3 damage, and now have 25/38 hp.
You hit something but do no damage.
You hear some strange, mumbled words.
You are confused.
You feel very mighty all of a sudden. Something hits you. 😮 HP[-2]
You take 2 damage, and now have 23/38 hp.
You're too confused to attack without stumbling around!
You're too confused to attack without stumbling around!
You bump into the rock wall.
Something hits you but does no damage.
You bump into the rock wall.
Something hits you but does no damage. 😮 HP[+1]
You barely miss something.
You hear some strange, mumbled words.
Something tries to affect you, but you resist.
You barely miss something.
You feel less confused.
You hear some strange, mumbled words.
You are confused.
Unknown command.
Unknown command.
You bump into the rock wall.
Something hits you but does no damage.
You bump into the rock wall.
You hear some strange, mumbled words.
You are more confused.
Unknown command.
Unknown command.
You bump into the rock wall.
Something hits you. 😮 HP[-2]
You take 2 damage, and now have 22/38 hp.
You're too confused to move!
You hear some strange, mumbled words.
You are more confused.
Unknown command.
You bump into the rock wall.
Something hits you.
* * * LOW HITPOINT WARNING * * *
😨 HP[-3]
You take 3 damage, and now have 19/38 hp.
Unknown command.
You bump into the rock wall.
Something hits you.
* * * LOW HITPOINT WARNING * * *
Unknown command.
You miss something. Something hits you but does no damage.
You bump into the rock wall.
You hear some strange, mumbled words.
A magic dart appears from out of thin air!
The magic dart hits you.
* * * LOW HITPOINT WARNING * * *
😨 HP[-1]
You take 1 damage, and now have 18/38 hp.
Unknown command.
You bump into the rock wall.
You hear some strange, mumbled words.
You are more confused.
Unknown command.
You miss something. Something hits you.
* * * LOW HITPOINT WARNING * * *
😨 HP[-1]
You take 1 damage, and now have 17/38 hp.
You bump into the rock wall.
You hear some strange, mumbled words.
You are more confused.
You bump into the rock wall.
Something hits you but does no damage.
You bump into the rock wall.
Something hits you but does no damage.
You bump into the rock wall.
Something completely misses you. 😨 HP[+1]
You closely miss something. Something hits you.
* * * LOW HITPOINT WARNING * * *
😨 HP[-1]
You take 1 damage, and now have 17/38 hp.
Unknown command.
You bump into the rock wall.
Something hits you.
* * * LOW HITPOINT WARNING * * *
😨 HP[-4]
You take 4 damage, and now have 13/38 hp.
You miss something.
You hear some strange, mumbled words.
A magic dart appears from out of thin air!
The magic dart hits you!
* * * LOW HITPOINT WARNING * * *
😱 HP[-7]
You take 7 damage, and now have 6/38 hp.
You closely miss something. Something hits you but does no damage.
Unknown command.
You're too confused to move!
Something hits you.
* * * LOW HITPOINT WARNING * * *
😱 HP[-1]
You take 1 damage, and now have 5/38 hp.
It was a potion of attraction.
You feel attractive to monsters.
An orc wizard appears from thin air!
Reactivating autopickup.
The orc wizard hits you but does no damage.
It was a potion of haste.
You feel yourself speed up.
The orc wizard gestures at you while chanting.
The magic dart hits you!
You die...

Skill      XL: |  1  2  3 |
---------------+----------+-----
Fighting       | 4 |  4.8
Armour         | 3 |  3.6
Maces & Flails | |  1.7
Shields        | |  2.6

Action                   |  1- 3 |  4- 6 || total
-------------------------+-------+-------++-------
Melee: Flail             |    37 |       ||    37
       Dagger            |   117 |    70 ||   187
Throw: Stone             |    32 |       ||    32
  Use: Potion            |       |     3 ||     3
 Stab: Sleeping          |       |     1 ||     1
Armor: Scale mail        |    73 |    24 ||    97
Dodge: Dodged            |    90 |    18 ||   108
Block: Buckler           |    31 |    13 ||    44

Levels and vault maps discovered:
D:1:      eino_arrival_water_cross, layout_basic,
          hellmonk_ecumenical_altar_dog_temple, minmay_stone_trees_medium,
          minivault_19, amcnicky_mini_rare_corridor_liquid, dk_noncrumbling_4
D:2:      layout_basic, serial_undead, serial_undead_d, serial_undead_f,
          serial_undead_f, serial_undead_a
D:3:      layout_loops_ring, old_standard_altar, okawaru_trees_2, serial_shops,
          shop

Notes
Turn   | Place    | Note
-------+----------+-------------------------------------------
     0 | D:1      | spaghetti the Demonspawn Fighter began the quest for the
                  | Orb.
     0 | D:1      | Reached XP level 1. HP: 18/18 MP: 1/1
     0 | D:1      | magus.rc [v1.9.6]
    85 | D:1      | You add the spells Animate Skeleton, Pain and Sublimation
                  | of Blood to your library.
    85 | D:1      | Got Mufesoxt's Volume of Stolen Souls
   106 | D:1      | Gained mutation: You may rarely emit foul miasma when
                  | damaged in melee. [demonic ancestry]
   106 | D:1      | Reached XP level 2. HP: 16/24 MP: 2/2
   779 | D:1      | Reached skill level 4 in Fighting
   924 | D:1      | You fall into a shaft and drop 1 floor!
  1034 | D:2      | Gained mutation: You have a pair of small antennae on your
                  | head. [demonic ancestry]
  1034 | D:2      | Reached XP level 3. HP: 30/30 MP: 3/3
  1121 | D:2      | Reached skill level 3 in Armour
  1674 | D:2      | Gained mutation: You have a somewhat thin skeletal
                  | structure. (Dex +2, Stealth+) [demonic ancestry]
  1674 | D:2      | Reached XP level 4. HP: 35/38 MP: 4/4
  2535 | D:3      | HP: 6/38 [something/magic dart (7)]
  2539 | D:3      | Killed from afar by an orc wizard

Vanquished Creatures
  A jelly (D:3)
  2 adders (D:2)
  2 adder skeletons (D:2)
  A worm (D:2)
  A dart slug (D:2)
  3 orcs (D:3)
  A bat (D:1)
  A bat skeleton (D:2)
  7 endoplasms
  5 giant cockroaches
  3 goblins
  3 hobgoblins
  4 jackals (D:1)
  4 quokkas
  4 ball pythons
  A ball python skeleton (D:2)
  2 frilled lizards (D:2)
  A jackal skeleton (D:2)
  2 kobolds
  A quokka skeleton (D:2)
  4 rats
53 creatures vanquished.

Vanquished Creatures (others)
  A withered plant (D:2)
1 creature vanquished.

Grand Total: 54 creatures vanquished

Table legend:
 A = Non-vault XP
 B = Vault XP
 C = Vault XP percentage of total XP
 D = Non-vault monster count
 E = Vault monster count
 F = Vault count percentage of total count
                 A         B        C        D         E       F
            +---------+---------+-------+---------+---------+-------
      Total |     154 |      15 |   8.9 |      47 |       6 |  11.3
            +---------+---------+-------+---------+---------+-------
        D:1 |      35 |       0 |   0.0 |      19 |       0 |   0.0
        D:2 |      54 |      15 |  21.7 |      16 |       6 |  27.3
        D:3 |      65 |       0 |   0.0 |      12 |       0 |   0.0
            +---------+---------+-------+---------+---------+-------

Illustrated notes

Table legend:
 A = Kills in this place as a percentage of kills in entire the game.
 B = Kills by you in this place as a percentage of kills by you in the entire game.
 C = Kills by friends in this place as a percentage of kills by friends in the entire game.
 D = Other kills in this place as a percentage of other kills in the entire game.
 E = Experience gained in this place as a percentage of experience gained in the entire game.
 F = Experience gained in this place divided by the number of levels of this place that you have seen.
                   A       B       C       D       E      F
               +-------+-------+-------+-------+-------+----------------------
         Total | 100.0 | 100.0 |   N/A |   N/A | 100.0 |  56.3
       Dungeon | 100.0 | 100.0 |   N/A |   N/A | 100.0 |  56.3
               +-------+-------+-------+-------+-------+----------------------

Table legend: (Time is in decaauts)
 A = Elapsed time spent in this place.
 B = Non-inter-level travel time spent in this place.
 C = Inter-level travel time spent in this place.
 D = Time resting spent in this place.
 E = Time spent auto-exploring this place.
 F = Levels seen in this place.
 G = Mean time per level.
                   A        B        C        D        E       F      G
               +--------+--------+--------+--------+--------+-----+--------+
         Total |   2570 |   2545 |     25 |    504 |   1569 |   3 |  856.7 |
       Dungeon |   2570 |   2545 |     25 |    504 |   1569 |   3 |  856.7 |
               +--------+--------+--------+--------+--------+-----+--------+

Top non-repeatable levels by time:
     D:2: 1237 daAuts
     D:1: 938 daAuts
     D:3: 394 daAuts
